 Dungeon Crawl Stone Soup version 0.28.0-45-g0d030f2227 (webtiles) character file.

Game seed: 11031544717830608743

175 Testboyz the Poker (level 5, -3/40 HPs)
             Began as a Merfolk Gladiator on Apr 15, 2022.
             Slain by Edmund
             ... wielding a +2 vorpal flail
              (9 damage)
             ... on level 4 of the Dungeon.
             The game lasted 00:10:57 (3077 turns).

Testboyz the Poker (Merfolk Gladiator)              Turns: 3077, Time: 00:10:58

Health: -3/40      AC:  8    Str: 16    XL:     5   Next: 55%
Magic:  5/5        EV: 12    Int:  7    God:
Gold:   135        SH:  0    Dex: 16    Spells: 4/4 levels left

rFire   . . .      SeeInvis .   a - +0 trident
rCold   . . .      Faith    .   (no shield)
rNeg    . . .      Spirit   .   D - +0 scale mail
rPois   .          Reflect  .   c - +0 helmet
rElec   .          Harm     .   (no cloak)
rCorr   .          Rampage  .   (no gloves)
Will    .....                   B - +0 pair of boots
Stlth   ..........              (no amulet)
HPRegen 0.13/turn               u - +4 ring of slaying
MPRegen 0.09/turn               (no ring)

@: no status effects
A: (nimble swimmer 2), mertail
a: no special abilities


You were on level 4 of the Dungeon.
You visited 1 branch of the dungeon, and saw 4 of its levels.

You collected 135 gold pieces.

Inventory:

Hand Weapons
 a - a +0 trident (weapon)
 f - a +0 dagger
 g - a +0 club
 j - a +0 club
 k - a +0 short sword
 l - a +0 club
 m - a +0 spear
 p - a +0 whip
 q - a +0 dagger
 r - a +0 hand axe
 t - a +0 club
 v - a +0 dagger
 w - a +0 short sword
 z - a +0 club
 A - a +2 dagger of speed
 I - a +0 club
 J - a +0 club
 N - a +0 trident
 O - a +0 club
 P - a +2 hand axe of electrocution
 R - a +0 whip
Missiles
 d - 3 throwing nets (quivered)
 i - 2 poisoned darts
 o - 92 stones
 s - 63 arrows
Armour
 b - a +0 leather armour
 c - a +0 helmet (worn)
 h - a +0 robe
 x - a +0 animal skin
 y - a +0 helmet
 B - a +0 pair of boots (worn)
 C - a +0 robe
 D - a +0 scale mail (worn)
 H - a +0 leather armour
 L - a +0 pair of boots
 Q - a +0 leather armour
 S - a +0 ring mail
Jewellery
 u - a +4 ring of slaying (left hand)
 M - an amulet of regeneration
Scrolls
 e - a scroll of identify
 n - a scroll of brand weapon {unknown}
 T - 3 scrolls of teleportation
Potions
 E - 2 potions of lignification {unknown}
 F - a potion of curing {unknown}
 G - 2 potions of attraction {unknown}
 K - a potion of mutation {unknown}


   Skills:
 + Level 2.9 Fighting
 + Level 6.0 Polearms
 + Level 2.1 Throwing
 + Level 1.5 Armour
 + Level 5.5 Dodging
 + Level 0.4 Stealth


You had 4 spell levels left.
You didn't know any spells.
Your spell library was empty.

Dungeon Overview and Level Annotations

Branches:
Dungeon (4/15)
 Temple: D:4-7

Altars:

Shops:
D:3 (

Annotations:
D:2 Sigmund
D:4 Edmund, Pikel


Innate Abilities, Weirdness & Mutations

((You are very nimble when in or above water. (Stealth+, EV+, Speed+++)))
Your lower body shifts to a powerful aquatic tail in water.


Message History

You now have 135 gold pieces (gained 15).
T - 3 scrolls of teleportation
There are no items here.
o - 92 stones (gained 20)
There are no items here.
Found 12 gold pieces.
Edmund the Younger comes into view.
He is wielding a +2 vorpal flail.
Edmund shouts!
Edmund says, "I'm quite good with sums, too."
Edmund hits you with a +2 vorpal flail.
You barely miss Edmund. Edmund hits you with a +2 vorpal flail.
You hit Edmund.
Edmund is lightly wounded.
Edmund barely misses you.
You puncture Edmund!
Edmund is heavily wounded.
Edmund hits you with a +2 vorpal flail.
You hit Edmund.
Edmund is heavily wounded.
Edmund completely misses you.
You closely miss Edmund.
Edmund is heavily wounded.
Edmund hits you with a +2 vorpal flail.
You hit Edmund.
Edmund is severely wounded.
Edmund hits you with a +2 vorpal flail.
You hit Edmund.
Edmund is severely wounded.
Edmund misses you.
You hit Edmund but do no damage.
Edmund is severely wounded.
Edmund hits you with a +2 vorpal flail.
You closely miss Edmund.
Edmund is severely wounded.
Edmund hits you with a +2 vorpal flail!
* * * LOW HITPOINT WARNING * * *
x2
There is a stone staircase leading up here.
You can't go down here!
Edmund hits you with a +2 vorpal flail!
You die...

... ...## .... .... ..
...#####..# ..
#...##...# . #...##...#
##.###........###
###..#.##.........###
.......##.#...#@#...##
##...###.##@.....#
.....#.....#..........#
....###...........#...#
.....#..##.#...####..##
...###.#####........#
..###.####..........
#..##...............#
#..##....###...#####
#..##..@###....#


You could see Edmund.

Vanquished Creatures
  An orc priest (D:3)
  Robin (D:2)
  7 adders
  A worm (D:3)
  A dart slug (D:3)
  2 orcs (D:3)
  4 bats
  6 endoplasms
  A giant cockroach (D:1)
  13 goblins
  8 hobgoblins
  4 jackals
  2 quokkas (D:3)
  A frilled lizard (D:2)
  4 kobolds
  6 rats
62 creatures vanquished.

Notes
Turn   | Place    | Note
-------+----------+-------------------------------------------
     0 | D:1      | Testboyz the Merfolk Gladiator began the quest for the Orb.
     0 | D:1      | Reached XP level 1. HP: 16/16 MP: 1/1
   132 | D:1      | Reached XP level 2. HP: 20/22 MP: 2/2
   776 | D:1      | Reached XP level 3. HP: 23/28 MP: 3/3
   864 | D:2      | Reached skill level 5 in Polearms
   948 | D:2      | Noticed Robin
   970 | D:2      | Reached XP level 4. HP: 15/34 MP: 4/4
  1181 | D:2      | Killed Robin
  1182 | D:2      | Reached skill level 5 in Dodging
  1441 | D:2      | Reached skill level 1 in Armour
  1889 | D:4      | Noticed Pikel
  1889 | D:4      | Noticed a lemure
  1889 | D:4      | Noticed a lemure
  1889 | D:4      | Noticed a lemure
  1890 | D:4      | Noticed a lemure
  2373 | D:2      | Reached XP level 5. HP: 40/40 MP: 5/5
  2451 | D:2      | Noticed Sigmund
  2571 | D:3      | Found Cyotot's Weapon Shop.
  3013 | D:4      | Reached skill level 6 in Polearms
  3039 | D:4      | Noticed Edmund
  3077 | D:4      | Slain by Edmund

Illustrated notes

Levels and vault maps discovered:
D:1:      evilmike_arrival_fibonacci_small, layout_loops_ring,
          ebering_ecumenical_altar_hall, minmay_pentomino_p2
D:2:      layout_basic, st_stairs_4, uniq_robin, uniq_sigmund
D:3:      layout_basic, serial_shops, nicolae_shop_bloodbath_and_beyond
D:4:      layout_cave_pools, uniq_menkaure, uniq_edmund, uniq_pikel

Skill      XL: |  1  2  3  4  5 |
---------------+----------------+-----
Polearms       | 5 6 |  6.0
Dodging        | 5 |  5.5
Armour         | 1 |  1.5
Fighting       | |  2.9
Throwing       | |  2.1
Stealth        | |  0.4

Action                   |  1- 3 |  4- 6 || total
-------------------------+-------+-------++-------
Melee: Trident           |    70 |    88 ||   158
       Punch             |     1 |       ||     1
  Use: Scroll            |       |     4 ||     4
       Potion            |       |     2 ||     2
Armor: Leather armour    |    23 |    24 ||    47
       Scale mail        |       |    24 ||    24
Dodge: Dodged            |    51 |    78 ||   129
